 Dungeon Crawl Stone Soup version 0.31.0-12-g77e489cdc1 (webtiles) character file.

Game seed: 14661965570364554121

206 EonDragon20 the Cudgeller (level 5, 0/20 (30) HPs)
             Began as a Gargoyle Reaver on Feb 29, 2024.
             Slain by a river rat (1 damage)
             ... summoned by Eustachio
             ... on level 4 of the Dungeon.
             The game lasted 00:06:15 (2614 turns).

EonDragon20 the Cudgeller (Gargoyle Reaver)         Turns: 2614, Time: 00:06:16

HP:   0/20 (30)     AC:  9    Str: 17    XL:     5   Next: 84%
MP:   7/8           EV: 11    Int: 20    God:
Gold: 177           SH:  0    Dex:  8    Spells: 7/8 levels left

rFire   . . .        a - +0 mace (vamp)
rCold   . . .        (no shield)
rNeg    + . .        b - +0 leather armour
rPois   ∞            (no helmet)
rElec   +            f - +0 cloak
rCorr   .            o - +0 pair of gloves
SInv    .            (no boots)
Will    .....        (no amulet)
Stlth   +            e - +6 ring of intelligence
HPRegen 0.23/turn    (no ring)
MPRegen 0.11/turn

%: no passive effects
@: very slightly contaminated, very heavily drained
A: sickness immunity, AC +4, negative energy resistance 1, electricity
resistance, torment resistance 1, petrification resistance
a: no special abilities


You were on level 4 of the Dungeon.
You visited 1 branch of the dungeon, and saw 4 of its levels.

You collected 177 gold pieces.

Inventory:

Hand Weapons
 a - a +0 vampiric mace (weapon)
Missiles
 p - a throwing net
Armour
 b - a +0 leather armour (worn)
 f - a +0 cloak (worn)
 o - a +0 pair of gloves (worn)
Jewellery
 e - a +6 ring of intelligence (left hand)
Potions
 g - 2 potions of enlightenment {unknown}
 h - a potion of heal wounds {unknown}
 j - 3 potions of curing
 l - a potion of degeneration {unknown}


   Skills:
 - Level 2.1 Fighting
 * Level 6.3 Maces & Flails
 - Level 1.5 Dodging
 - Level 2.0 Spellcasting
 - Level 3.2 Conjurations


You had 7 spell levels left.
You knew the following spells:

 Your Spells              Type           Power      Damage    Failure   Level
a - Kiss of Death         Conj/Necr      32%        2d7       10%         1

Your spell library contained the following spells:

 Spells                   Type           Power      Damage    Failure   Level
 Momentum Strike          Conj/Tloc      16%        3d8       16%         2
 Blink                    Tloc           4%         N/A       28%         2
 Lesser Beckoning         Tloc           4%         N/A       28%         2
 Hailstorm                Conj/Ice       8%         3d5       30%         3
 Leda's Liquefaction      Alch/Erth      1%         N/A       88%         4
 Lee's Rapid Deconstruct  Erth           1%         3d4*      99%         5
 Bombard                  Conj/Erth      4%         9d2       100%        6


Dungeon Overview and Level Annotations

Branches:
Dungeon (4/15)
 Temple: D:4-7

Altars:
Okawaru

Shops:
D:3 [

Annotations:
D:4 Eustachio


Innate Abilities, Weirdness & Mutations

You are immune to sickness and miasma.
Your stone body is resilient. (AC +4)
You are immune to poison.
You resist negative energy. (rN+)
You are resistant to electric shocks. (rElec)
You are resistant to unholy torment.
You are immune to petrification.


Message History

Eustachio blinks!
Eustachio barely misses you.
You hit Eustachio.
Eustachio is severely wounded.
Eustachio hits you with a +0 rapier.
You hit Eustachio but do no damage.
Eustachio is severely wounded.
Eustachio hits you but does no damage.
You closely miss Eustachio.
Eustachio is severely wounded.
Eustachio gestures wildly while chanting.
You hit Eustachio but do no damage.
Eustachio is severely wounded.
Eustachio hits you with a +0 rapier. The crimson imp misses you.
Eustachio gestures wildly while chanting.
You hit Eustachio.
Eustachio is severely wounded.
The bat hits you but does no damage.
The crimson imp hits you but does no damage.
Eustachio hits you with a +0 rapier. The rat barely misses you.
You closely miss Eustachio.
Eustachio is severely wounded.
The teleport trap disappears.
The bat disappears!
The crimson imp hits you but does no damage.
Eustachio hits you with a +0 rapier.
* * * LOW HITPOINT WARNING * * *
The rat bites you.
* * * LOW HITPOINT WARNING * * *
Casting: Kiss of Death (safe; 10% risk of failure)
Confirm with . or Enter, or press ? or * to list all spells.
Aiming: Kiss of Death (safe; 10% risk of failure)
Press: ? - help, Shift-Dir - straight line, f/p - Eustachio
Aim: Eustachio, wielding a +0 rapier and wearing a +3 leather armour of cold resistance (severely wounded, lightly drained, 100% to hit)
You miscast Kiss of Death.
You are very lightly contaminated with residual magic.
Nothing appears to happen.
The crimson imp misses you. The rat closely misses you.
Eustachio hits you with a +0 rapier.
* * * LOW HITPOINT WARNING * * *
The river rat bites you.
You die...

#. #. #.#####. ....?..
. #.....# #..## #.....#
#...# ####.....####.#.#
......r5@§.##.#.##. ...
..##...@.......... ....
.....?.r........###....
..###......##..........
...........#.#...[....
..................##...
.......#......#...### #
...###.#...#..).>...#
### #.#...<.##..##....
#.#.....##.....###


You could see Eustachio (drained), a crimson imp (summoned), a river rat
(summoned) and a rat (summoned).

Vanquished Creatures
  A scorpion (D:3)
  An iguana (D:3)
  An orc wizard (D:3)
  4 adders
  A ribbon worm (D:2)
  A dart slug (D:1)
  6 orcs (D:3)
  6 ball pythons
  6 endoplasms
  3 giant cockroaches
  3 goblins
  5 hobgoblins
  2 jackals (D:1)
  2 quokkas
  2 bats (D:3)
  5 frilled lizards
  3 rats
52 creatures vanquished.

Notes
Turn   | Place    | Note
-------+----------+-------------------------------------------
     0 | D:1      | EonDragon20 the Gargoyle Reaver began the quest for the
                  | Orb.
     0 | D:1      | Reached XP level 1. HP: 12/12 MP: 3/3
   128 | D:1      | Reached XP level 2. HP: 17/17 MP: 5/5
   888 | D:2      | Reached skill level 4 in Maces & Flails
   935 | D:2      | Reached XP level 3. HP: 17/21 MP: 6/6
  1696 | D:3      | Found an iron altar of Okawaru.
  1700 | D:3      | Reached XP level 4. HP: 26/26 MP: 7/7
  1770 | D:3      | Reached skill level 5 in Maces & Flails
  1891 | D:3      | Reached XP level 5. HP: 28/30 MP: 8/8
  1979 | D:3      | Found Geghetz's Antique Armour Boutique.
  2332 | D:4      | Noticed Eustachio
  2350 | D:3      | Reached skill level 6 in Maces & Flails
  2614 | D:4      | HP: 1/20 [Eustachio/+0 rapier (5)]
  2614 | D:4      | Slain by a river rat

Illustrated notes

Levels and vault maps discovered:
D:1:      heliophobic_arrival_enchanted_forest, layout_basic,
          minmay_split_cup_small
D:2:      layout_loops_ring, serial_bayou, serial_bayou_shore_a,
          serial_bayou_pond_a, serial_bayou_lake_a, serial_bayou_pond_d
D:3:      layout_loops_ring, okawaru_metal_pillars_3, serial_shops, shop
D:4:      layout_rooms, st_stairs_5, uniq_pargi, uniq_duvessa, uniq_eustachio

Skill      XL: |  1  2  3  4  5 |
---------------+----------------+-----
Maces & Flails | 4 5 6 |  6.3
Fighting       | |  2.1
Dodging        | |  1.5
Spellcasting   | |  2.0
Conjurations   | |  3.2

Action                     |  1- 3 |  4- 6 || total
---------------------------+-------+-------++-------
  Melee: Mace              |    93 |   108 ||   201
   Cast: Kiss of Death     |       |     2 ||     2
    Use: Scroll            |     6 |     1 ||     7
 Armour: Leather armour    |    42 |    91 ||   133
  Dodge: Dodged            |    57 |    79 ||   136
